PCL
REDWOOD CITY REDWOODS @ LAS VEGAS STARS
05/11/2030
 
TOP OF THE 1ST
Redwood City Redwoods batting - Pitching for Las Vegas Stars : RHP Alberto Márquez
Pitching: RHP Alberto Márquez
Batting: LHB Tim Ramsey 0-0: Swinging Strike
0-1: Swinging Strike
0-2: Ball
1-2: Ground out 3-1 (Groundball, 34S)
Batting: LHB Bob Campbell 0-0: Swinging Strike
0-1: Fly out, F7 (Flyball, 7S)
Batting: RHB Juan Reyes 0-0: Ball
1-0: Ball
2-0: Fly out, F5 (Line Drive, 5)
Top of the 1st over - 0 runs, 0 hits, 0 errors, 0 left on base; Redwood City 0 - Las Vegas 0
BOTTOM OF THE 1ST
Las Vegas Stars batting - Pitching for Redwood City Redwoods : RHP Pedro Cabrera
Pitching: RHP Pedro Cabrera
Batting: LHB Alberto Varela 0-0: Foul Ball, location: 2F
0-1: Ball
1-1: Ball
2-1: Swinging Strike
2-2: Ball
3-2: Foul Ball, location: 2F
3-2: Foul Ball, location: 2F
3-2: Strikes out swinging
Batting: RHB Ricardo Guzmán 0-0: Foul Ball, location: 2F
0-1: Called Strike
0-2: Strikes out swinging
Batting: RHB Gilberto Silva 0-0: Called Strike
0-1: Fly out, F9 (Flyball, 9S)
Bottom of the 1st over - 0 runs, 0 hits, 0 errors, 0 left on base; Redwood City 0 - Las Vegas 0
TOP OF THE 2ND
Redwood City Redwoods batting - Pitching for Las Vegas Stars : RHP Alberto Márquez
Batting: LHB César Rodríguez 0-0: Ball
1-0: Ball
2-0: Swinging Strike
2-1: Foul Ball, location: 2F
2-2: Ball
3-2: Base on Balls
Batting: RHB Gerald Miller 0-0: Called Strike
0-1: Foul Ball, location: 2F
0-2: SINGLE (Line Drive, 7S)
César Rodríguez to second
Batting: LHB Vicente Chávez 0-0: Fly out, F5 (Line Drive, 5L)
Batting: RHB Jason Blair 0-0: Called Strike
0-1: Foul Ball, location: 2F
0-2: Strikes out swinging
Batting: LHB Dave Lee 0-0: Ball
1-0: Ball
2-0: Foul Ball, location: 2F
2-1: SINGLE (Line Drive, 4MD)
César Rodríguez to third
Gerald Miller to second
Batting: SHB Ryan Holcomb 0-0: Foul Ball, location: 2F
0-1: Ground out 1-3 (Groundball, 13S)
Top of the 2nd over - 0 runs, 2 hits, 0 errors, 3 left on base; Redwood City 0 - Las Vegas 0
BOTTOM OF THE 2ND
Las Vegas Stars batting - Pitching for Redwood City Redwoods : RHP Pedro Cabrera
Batting: LHB Morgan Wright 0-0: Called Strike
0-1: Ball
1-1: Called Strike
1-2: Strikes out swinging
Batting: LHB Edward Rose 0-0: Foul Ball, location: 2F
0-1: Swinging Strike
0-2: Foul Ball, location: 2F
0-2: Fly out, F8 (Line Drive, 8RD)
Batting: LHB Clint Parkinson 0-0: Called Strike
0-1: Fly out, F8 (Flyball, 8RM)
Bottom of the 2nd over - 0 runs, 0 hits, 0 errors, 0 left on base; Redwood City 0 - Las Vegas 0
TOP OF THE 3RD
Redwood City Redwoods batting - Pitching for Las Vegas Stars : RHP Alberto Márquez
Batting: LHB Tim Ramsey Error on foul ball, E5
0-1: Fly out, F8 (Flyball, 8RS)
Batting: LHB Bob Campbell 0-0: Ball
1-0: SINGLE (Line Drive, 6D)
Batting: RHB Juan Reyes 0-0: Swinging Strike
0-1: Ball
1-1: Ball
2-1: Ball
Wild Pitch!
Bob Campbell to second
3-1: Called Strike
3-2: Fly out, F9 (Flyball, 89M)
Batting: LHB César Rodríguez 0-0: Swinging Strike
0-1: Swinging Strike
0-2: Ball
1-2: Foul Ball, location: 2F
1-2: Strikes out swinging
Top of the 3rd over - 0 runs, 1 hit, 1 error, 1 left on base; Redwood City 0 - Las Vegas 0
BOTTOM OF THE 3RD
Las Vegas Stars batting - Pitching for Redwood City Redwoods : RHP Pedro Cabrera
Batting: RHB Paco Castillo 0-0: Foul Ball, location: 2F
0-1: Ball
1-1: Swinging Strike
1-2: Ball
2-2: Ground out 3-1 (Groundball, 34S)
Batting: RHB Guo-xiu Choi 0-0: Ball
1-0: Ball
2-0: Swinging Strike
2-1: Ball
3-1: Foul Ball, location: 2F
3-2: Base on Balls
Batting: RHB Fernando Bórquez 0-0: Ball
1-0: Called Strike
1-1: Ball
2-1: Ball
3-1: Called Strike
3-2: Fielders Choice at 2nd, 1-4 (Groundball, 15S)
Batting: LHB Alberto Varela 0-0: Ball
Fernando Bórquez steals 2nd base
1-0: Ball
2-0: Ball
3-0: Called Strike
3-1: Foul Ball, location: 2F
3-2: Foul Ball, location: 2F
3-2: Ground out 6-3 (Groundball, 6)
Bottom of the 3rd over - 0 runs, 0 hits, 0 errors, 1 left on base; Redwood City 0 - Las Vegas 0
TOP OF THE 4TH
Redwood City Redwoods batting - Pitching for Las Vegas Stars : RHP Alberto Márquez
Batting: RHB Gerald Miller 0-0: Called Strike
0-1: Ball
1-1: Swinging Strike
1-2: Ball
2-2: Strikes out swinging
Batting: LHB Vicente Chávez 0-0: Ball
1-0: Foul Ball, location: 2F
1-1: Foul Ball, location: 2F
1-2: Strikes out swinging
Batting: RHB Jason Blair 0-0: Foul Ball, location: 2F
0-1: Swinging Strike
0-2: Ball
1-2: Foul Ball, location: 2F
1-2: Ball
2-2: Strikes out looking
Top of the 4th over - 0 runs, 0 hits, 0 errors, 0 left on base; Redwood City 0 - Las Vegas 0
BOTTOM OF THE 4TH
Las Vegas Stars batting - Pitching for Redwood City Redwoods : RHP Pedro Cabrera
Batting: RHB Ricardo Guzmán 0-0: Ground out 6-3 (Groundball, 6)
Batting: RHB Gilberto Silva 0-0: Foul Ball, location: 2F
0-1: Ground out 5-3 (Groundball, 5)
Batting: LHB Morgan Wright 0-0: Foul Ball, location: 2F
0-1: Called Strike
0-2: Ball
1-2: Ball
2-2: Foul Ball, location: 2F
2-2: Foul Ball, location: 2F
2-2: Ball
3-2: Foul Ball, location: 2F
3-2: Base on Balls
Batting: LHB Edward Rose 0-0: Called Strike
0-1: Ball
1-1: Ball
2-1: SINGLE (Groundball, 34D)
Morgan Wright to second
Batting: LHB Clint Parkinson 0-0: Called Strike
0-1: Called Strike
0-2: Strikes out swinging
Bottom of the 4th over - 0 runs, 1 hit, 0 errors, 2 left on base; Redwood City 0 - Las Vegas 0
TOP OF THE 5TH
Redwood City Redwoods batting - Pitching for Las Vegas Stars : RHP Alberto Márquez
Batting: LHB Dave Lee 0-0: Foul Ball, location: 2F
0-1: Ball
1-1: Ground out U3 (Groundball, 3)
Batting: SHB Ryan Holcomb 0-0: Ball
1-0: Ground out 5-3 (Groundball, 5L)
Batting: LHB Tim Ramsey 0-0: Ground out 4-3 (Groundball, 4S)
Top of the 5th over - 0 runs, 0 hits, 0 errors, 0 left on base; Redwood City 0 - Las Vegas 0
BOTTOM OF THE 5TH
Las Vegas Stars batting - Pitching for Redwood City Redwoods : RHP Pedro Cabrera
Batting: RHB Paco Castillo 0-0: Ground out 5-3 (Groundball, 56)
Batting: RHB Guo-xiu Choi 0-0: Ball
1-0: Called Strike
1-1: Foul Ball, location: 2F
1-2: Ball
2-2: Strikes out swinging
Batting: RHB Fernando Bórquez 0-0: Ball
1-0: Ball
2-0: SINGLE (Groundball, 6MD)
Batting: LHB Alberto Varela 0-0: Ball
1-0: Foul Ball, location: 2F
1-1: Ball
2-1: Foul Ball, location: 2F
2-2: Foul Ball, location: 2F
2-2: Foul Ball, location: 2F
2-2: Ball
3-2: Fly out, F6 (Popup, 6MS)
Bottom of the 5th over - 0 runs, 1 hit, 0 errors, 1 left on base; Redwood City 0 - Las Vegas 0
TOP OF THE 6TH
Redwood City Redwoods batting - Pitching for Las Vegas Stars : RHP Alberto Márquez
Batting: LHB Bob Campbell 0-0: Called Strike
0-1: SINGLE (Groundball, 6MD)
Batting: RHB Juan Reyes 0-0: Ball
1-0: Ball
2-0: Called Strike
2-1: Foul Ball, location: 2F
2-2: SINGLE (Groundball, 6D)
Bob Campbell to second
Batting: LHB César Rodríguez 0-0: Ball
Bob Campbell steals 3rd base
1-0: Foul Ball, location: 2F
1-1: Ball
2-1: Called Strike
2-2: Fly out, F8 (Line Drive, 8LM)
Runner from 3rd tags up, SCORES, no throw
Batting: RHB Gerald Miller 0-0: Called Strike
0-1: Ball
1-1: Ball
2-1: Foul Ball, location: 2F
2-2: Ball
3-2: Fly out, F4 (Line Drive, 4)
Batting: LHB Vicente Chávez 0-0: Called Strike
0-1: Called Strike
0-2: 2-RUN HOME RUN (Flyball, 9LD), Distance : 384 ft
Batting: RHB Jason Blair 0-0: Ball
1-0: Called Strike
1-1: Ball
2-1: Fly out, F9 (Flyball, 9S)
Top of the 6th over - 3 runs, 3 hits, 0 errors, 0 left on base; Redwood City 3 - Las Vegas 0
BOTTOM OF THE 6TH
Las Vegas Stars batting - Pitching for Redwood City Redwoods : RHP Pedro Cabrera
Batting: RHB Ricardo Guzmán 0-0: Ball
1-0: Called Strike
1-1: Swinging Strike
1-2: Ball
2-2: Fly out, F4 (Line Drive, 4M)
Batting: RHB Gilberto Silva 0-0: Ball
1-0: SOLO HOME RUN (Flyball, 78XD), Distance : 402 ft
Batting: LHB Morgan Wright 0-0: Called Strike
0-1: Foul Ball, location: 2F
0-2: Foul Ball, location: 2F
0-2: Ball
1-2: Ball
2-2: Foul Ball, location: 2F
2-2: Ball
3-2: Foul Ball, location: 2F
3-2: Ground out 1-3 (Groundball, P)
Pitching: RHP Daniel Betteridge
Batting: LHB Edward Rose 0-0: Called Strike
0-1: Called Strike
0-2: Ball
1-2: Ground out 6-3 (Groundball, 56)
Bottom of the 6th over - 1 run, 1 hit, 0 errors, 0 left on base; Redwood City 3 - Las Vegas 1
TOP OF THE 7TH
Redwood City Redwoods batting - Pitching for Las Vegas Stars : RHP Alberto Márquez
Batting: LHB Dave Lee 0-0: Called Strike
0-1: Hit by Pitch
Batting: SHB Ryan Holcomb 0-0: Sac Bunt - play at first, batter OUT! 1-3
Dave Lee to second
Batting: LHB Tim Ramsey 0-0: Ball
1-0: Ball
2-0: Ground out 4-3 (Groundball, 4D)
Dave Lee to third
Batting: LHB Bob Campbell 0-0: Foul Ball, location: 2F
0-1: Swinging Strike
0-2: Hit by Pitch
Batting: RHB Juan Reyes 0-0: Ball
1-0: Ball
2-0: Foul Ball, location: 2F
2-1: Fly out, F7 (Flyball, 78D)
Top of the 7th over - 0 runs, 0 hits, 0 errors, 2 left on base; Redwood City 3 - Las Vegas 1
BOTTOM OF THE 7TH
Las Vegas Stars batting - Pitching for Redwood City Redwoods : RHP Daniel Betteridge
Batting: LHB Clint Parkinson 0-0: Ball
1-0: Ball
2-0: Foul Ball, location: 2F
2-1: Foul Ball, location: 2F
2-2: Fly out, F5 (Popup, 56)
Batting: RHB Paco Castillo 0-0: Called Strike
0-1: Called Strike
0-2: Ground out 4-3 (Groundball, 4)
Batting: RHB Guo-xiu Choi 0-0: Ball
1-0: Called Strike
1-1: Called Strike
1-2: Strikes out looking
Bottom of the 7th over - 0 runs, 0 hits, 0 errors, 0 left on base; Redwood City 3 - Las Vegas 1
TOP OF THE 8TH
Redwood City Redwoods batting - Pitching for Las Vegas Stars : RHP Alberto Márquez
Pitching: LHP Gian-Andrea Nota
Batting: LHB César Rodríguez 0-0: Ball
1-0: Ball
2-0: Ball
3-0: Called Strike
3-1: SINGLE (Groundball, 4MD)
Batting: RHB Gerald Miller 0-0: Ball
1-0: Called Strike
1-1: Swinging Strike
1-2: Strikes out looking
Pitching: RHP Roberto Moreno
Batting: LHB Vicente Chávez 0-0: Called Strike
0-1: Foul Ball, location: 2F
0-2: Ball
1-2: Foul Ball, location: 2F
1-2: Ball
2-2: Ground out 4-3 (Groundball, 4S)
César Rodríguez to second
Batting: RHB Jason Blair 0-0: Called Strike
0-1: Foul Ball, location: 2F
0-2: Ball
1-2: Foul Ball, location: 2F
1-2: Strikes out swinging
Top of the 8th over - 0 runs, 1 hit, 0 errors, 1 left on base; Redwood City 3 - Las Vegas 1
BOTTOM OF THE 8TH
Las Vegas Stars batting - Pitching for Redwood City Redwoods : RHP Daniel Betteridge
Batting: RHB Fernando Bórquez 0-0: Ball
1-0: Foul Ball, location: 2F
1-1: Foul Ball, location: 2F
1-2: Fly out, F7 (Flyball, 7)
Batting: LHB Alberto Varela 0-0: Ball
1-0: Foul Ball, location: 2F
1-1: Called Strike
1-2: DOUBLE (Flyball, 78D)
Batting: RHB Ricardo Guzmán 0-0: Foul Ball, location: 2F
0-1: Ground out 6-3 (Groundball, 6S)
Alberto Varela to third
Batting: RHB Gilberto Silva 0-0: Ball
1-0: Swinging Strike
1-1: Swinging Strike
1-2: Strikes out swinging
Bottom of the 8th over - 0 runs, 1 hit, 0 errors, 1 left on base; Redwood City 3 - Las Vegas 1
TOP OF THE 9TH
Redwood City Redwoods batting - Pitching for Las Vegas Stars : RHP Roberto Moreno
Pitching: LHP Justin Short
Batting: LHB Dave Lee 0-0: Called Strike
0-1: Foul Ball, location: 2F
0-2: Foul Ball, location: 2F
0-2: SINGLE (Line Drive, 56D)
Batting: SHB Ryan Holcomb 0-0: Bunted foul
0-1: Reached on error, E2 (Groundball, 2L)
Dave Lee to third
Pinch Hitting: RHB Currito Campos 0-0: Ball
1-0: Ball
2-0: Ball
3-0: Called Strike
3-1: Fly out, F4 (Popup, 34S)
Batting: LHB Bob Campbell 0-0: Intentional Walk
Pitching: RHP Mark Head
Batting: RHB Juan Reyes 0-0: Called Strike
0-1: Foul Ball, location: 2F
0-2: Ball
1-2: Foul Ball, location: 2F
1-2: Strikes out swinging
Batting: LHB César Rodríguez 0-0: Ball
1-0: Foul Ball, location: 2F
1-1: Ball
2-1: Fly out, F8 (Flyball, 8RS)
Top of the 9th over - 0 runs, 1 hit, 1 error, 3 left on base; Redwood City 3 - Las Vegas 1
BOTTOM OF THE 9TH
Las Vegas Stars batting - Pitching for Redwood City Redwoods : RHP Daniel Betteridge
Pitching: RHP Juan Sánchez
Now in RF: Marcos Vázquez
Batting: LHB Morgan Wright 0-0: Ball
1-0: Ball
2-0: Called Strike
2-1: Foul Ball, location: 2F
2-2: Ball
3-2: Base on Balls
Pinch Runner at 1st José García:
Batting: LHB Edward Rose 0-0: Called Strike
0-1: DOUBLE (Line Drive, 7LM)
José García to third
Batting: LHB Clint Parkinson 0-0: SINGLE (Line Drive, 9LS)
José García scores
Edward Rose to third
Pinch Hitting: LHB Paco Rivera 0-0: Fly out, F7 (Flyball, 78D)
Runner from 3rd tags up, SCORES, no throw
Pinch Runner at 1st Tomás Díaz:
Pinch Hitting: LHB Patrick Osborne 0-0: Ball
Tomás Díaz steals 2nd base
1-0: Intentional Walk
Pinch Hitting: SHB Júlio Salazar 0-0: Ball
Tomás Díaz steals 3rd base
Patrick Osborne to second
1-0: Intentional Walk
Batting: LHB Alberto Varela 0-0: Ball
1-0: Grounds into fielders choice 3-2 (Groundball, 3)
Patrick Osborne to third
Júlio Salazar to second
Batting: RHB Ricardo Guzmán 0-0: Foul Ball, location: 2F
0-1: Ball
1-1: Ball
2-1: Fielders Choice at 2nd, 6-4 (Groundball, 6)
Bottom of the 9th over - 2 runs, 2 hits, 0 errors, 3 left on base; Redwood City 3 - Las Vegas 3
TOP OF THE 10TH
Redwood City Redwoods batting - Pitching for Las Vegas Stars : RHP Mark Head
Pitching: RHP Augusto Muñíz
Now at 3B: Gabriel Miranda
Now at SS: Tomás Díaz
Now in LF: Patrick Osborne
Now in CF: Júlio Salazar
Batting: RHB Gerald Miller 0-0: SINGLE (Groundball, 56D)
Batting: LHB Vicente Chávez 0-0: Called Strike
0-1: Foul Ball, location: 2F
0-2: Ball
1-2: Ball
2-2: Strikes out swinging
Batting: RHB Jason Blair 0-0: Called Strike
0-1: Ball
1-1: Swinging Strike
1-2: Strikes out looking
Batting: LHB Dave Lee 0-0: Ball
1-0: Swinging Strike
1-1: Called Strike
1-2: Strikes out swinging
Top of the 10th over - 0 runs, 1 hit, 0 errors, 1 left on base; Redwood City 3 - Las Vegas 3
BOTTOM OF THE 10TH
Las Vegas Stars batting - Pitching for Redwood City Redwoods : RHP Juan Sánchez
Pitching: RHP Ronnie Jefferson
Pinch Hitting: RHB Juan Valverde 0-0: Called Strike
0-1: Swinging Strike
0-2: Ball
1-2: Ground out 6-3 (Groundball, 6)
Batting: RHB José García 0-0: Swinging Strike
0-1: Ball
1-1: Called Strike
1-2: Foul Ball, location: 2F
1-2: DOUBLE (Line Drive, 9LD)
Batting: LHB Edward Rose 0-0: Ball
1-0: Called Strike
1-1: Foul Ball, location: 2F
1-2: Ball
2-2: Ground out 4-3 (Groundball, 4)
José García to third
Batting: RHB Tomás Díaz 0-0: Ball
1-0: Swinging Strike
1-1: Ball
2-1: Foul Ball, location: 2F
2-2: Foul Ball, location: 2F
2-2: Ball
3-2: Fly out, F7 (Flyball, 7LD)
Bottom of the 10th over - 0 runs, 1 hit, 0 errors, 1 left on base; Redwood City 3 - Las Vegas 3
TOP OF THE 11TH
Redwood City Redwoods batting - Pitching for Las Vegas Stars : RHP Augusto Muñíz
Pitching: LHP Júlio Aguilar
Now at C: Juan Valverde
Pinch Hitting: RHB Steve Sampson 0-0: Called Strike
0-1: Foul Ball, location: 2F
0-2: Ball
1-2: Ball
2-2: Strikes out looking
Pinch Hitting: RHB Javier Ortíz 0-0: Called Strike
0-1: Ball
1-1: Swinging Strike
1-2: Foul Ball, location: 2F
1-2: Fly out, F9 (Flyball, 9)
Batting: LHB Bob Campbell 0-0: Called Strike
0-1: Ball
1-1: Called Strike
1-2: Strikes out swinging
Top of the 11th over - 0 runs, 0 hits, 0 errors, 0 left on base; Redwood City 3 - Las Vegas 3
BOTTOM OF THE 11TH
Las Vegas Stars batting - Pitching for Redwood City Redwoods : RHP Ronnie Jefferson
Now in CF: Keith Green
Now in RF: Javier Ortíz
Batting: RHB Gabriel Miranda 0-0: Called Strike
0-1: Foul Ball, location: 2F
0-2: Ball
1-2: Strikes out looking
Batting: LHB Patrick Osborne 0-0: DOUBLE (Flyball, 89XD)
Batting: SHB Júlio Salazar 0-0: Ball
1-0: Called Strike
1-1: Fly out, F2 (Popup, 2LF)
Batting: LHB Alberto Varela 0-0: Foul Ball, location: 2F
0-1: Ball
1-1: Ball
2-1: Fly out, F8 (Flyball, 8LD)
Bottom of the 11th over - 0 runs, 1 hit, 0 errors, 1 left on base; Redwood City 3 - Las Vegas 3
TOP OF THE 12TH
Redwood City Redwoods batting - Pitching for Las Vegas Stars : LHP Júlio Aguilar
Batting: RHB Juan Reyes 0-0: Swinging Strike
0-1: Called Strike
0-2: Ball
1-2: Strikes out swinging
Batting: LHB César Rodríguez 0-0: Ball
1-0: Foul Ball, location: 2F
1-1: Ball
2-1: Fly out, F9 (Flyball, 9)
Batting: RHB Gerald Miller 0-0: Ball
1-0: Ball
2-0: Called Strike
2-1: Called Strike
2-2: Ball
3-2: Foul Ball, location: 2F
3-2: Base on Balls
Batting: LHB Vicente Chávez 0-0: Called Strike
0-1: Ground out U3 (Groundball, 3S)
Top of the 12th over - 0 runs, 0 hits, 0 errors, 1 left on base; Redwood City 3 - Las Vegas 3
BOTTOM OF THE 12TH
Las Vegas Stars batting - Pitching for Redwood City Redwoods : RHP Ronnie Jefferson
Batting: RHB Ricardo Guzmán 0-0: Called Strike
0-1: Called Strike
0-2: SOLO HOME RUN (Flyball, 78XD), Distance : 409 ft
Saturday, April 7th, 2018 - OOTP Baseball 18.8 Build 76